 Dungeon Crawl Stone Soup version 0.28-a0-684-g30a9fa1a03 (webtiles) character file.

Game seed: 8492426036683145747

2954 BlueGoblin the Destroyer (level 9, -8/51 HPs)
             Began as an Octopode Conjurer on Oct 19, 2021.
             Was an Initiate of Gozag.
             Mangled by a komodo dragon (19 damage)
             ... on level 8 of the Dungeon.
             The game lasted 00:17:19 (11478 turns).

BlueGoblin the Destroyer (Octopode Conjurer)       Turns: 11478, Time: 00:17:24

Health: -8/51      AC:  1    Str:  7    XL:     9   Next: 81%
Magic:  20/20      EV: 18    Int: 29    God:    Gozag
Gold:   817        SH:  3    Dex: 10    Spells: 21/23 levels left

rFire   . . .      SeeInvis .   a - +4 war axe "Daodaf" {venom, rC++}
rCold   + + .      Faith    .   j - +0 buckler
rNeg    . . .      Spirit   .   (helmet restricted)
rPois   +          Reflect  .   (no amulet)
rElec   .          Harm     .   e - +6 ring of intelligence
rCorr   .          Rampage  .   q - ring of poison resistance
Will    +....                   z - +4 ring of evasion
Stlth   +++.......              C - ring of willpower
HPRegen 0.17/turn               (no ring)
MPRegen 0.17/turn               (no ring)
                                (no ring)
                                (no ring)

@: lethally poisoned (-8 -> -19)
A: almost no armour, amphibious, 8 rings, camouflage 1, gelatinous body 1,
(nimble swimmer 1), tentacles
a: Renounce Religion, Potion Petition, Call Merchant, Bribe Branch


You were on level 8 of the Dungeon.
You worshipped Gozag.
Gozag was pleased with you.
You visited 2 branches of the dungeon, and saw 9 of its levels.

You collected 857 gold pieces.
You paid 40 gold pieces to Gozag.

Inventory:

Hand Weapons
 a - the +4 war axe "Daodaf" (weapon) {venom, rC++}
   (You found it on level 4 of the Dungeon)

   It poisons the flesh of those it strikes.
   rC:        It greatly protects you from cold.
 b - a +1 dagger of electrocution
 t - a +4 whip of venom
Missiles
 u - 8 datura-tipped darts
Armour
 d - a +0 kite shield
 j - a +0 buckler (worn)
Jewellery
 e - a +6 ring of intelligence (left tentacle)
 q - a ring of poison resistance (right tentacle)
 z - a +4 ring of evasion (on tentacle)
 C - a ring of willpower (on tentacle)
Wands
 v - a wand of flame (21)
 y - a wand of iceblast (6)
 B - a wand of polymorph (5)
Scrolls
 k - 3 scrolls of identify
 n - a scroll of teleportation
 p - 2 scrolls of vulnerability
 r - a scroll of enchant armour {unknown}
 w - a scroll of magic mapping
 x - 2 scrolls of immolation {unknown}
 A - a scroll of enchant weapon
Potions
 c - 4 potions of resistance
 f - 2 potions of magic
 g - a potion of lignification
 h - 2 potions of curing {unknown}
 i - a potion of heal wounds {unknown}
 l - 2 potions of cancellation
 m - 2 potions of degeneration {unknown}
 o - a potion of brilliance {unknown}
 s - a potion of might {unknown}


   Skills:
 + Level 5.6 Dodging
 - Level 2.6 Stealth
 + Level 1.5 Shields
 + Level 7.8 Spellcasting
 + Level 9.6 Conjurations


You had 21 spell levels left.
You knew the following spells:

 Your Spells              Type           Power      Damage    Failure   Level
b - Searing Ray           Conj           100%       2d8       1%          2

Your spell library contained the following spells:

 Spells                   Type           Power      Damage    Failure   Level
 Magic Dart               Conj           100%       1d8       1%          1
 Dazzling Flash           Conj/Hex       78%        N/A       2%          3
 Flame Wave               Conj/Fire      39%        3d8       9%          4
 Fulminant Prism          Conj/Hex       19%        3d11      9%          4
 Iskenderun's Mystic Bla  Conj/Tloc      39%        2d9       9%          4
 Ensorcelled Hibernation  Hex/Ice        22%        N/A       10%         2
 Scorch                   Fire           22%        2d6       10%         2
 Portal Projectile        Hex/Tloc       22%        N/A       19%         3
 Summon Guardian Golem    Hex/Summ       11%        N/A       19%         3
 Tukima's Dance           Hex            11%        N/A       19%         3
 Orb of Destruction       Conj           30%        9d12      71%         7
 Blade Hands              Tmut           5%         N/A       87%         5
 Excruciating Wounds      Necr           5%         N/A       87%         5
 Summon Cactus Giant      Summ           5%         N/A       100%        6
 Spellforged Servitor     Conj/Summ      19%        N/A       100%        7


Dungeon Overview and Level Annotations

Branches:
Dungeon (8/15)             Temple (1/1) D:4            Lair (0/6) D:8

Altars:
Ashenzari
Cheibriados
Dithmenos
Elyvilon
Fedhas
Gozag
Hepliaklqana
Kikubaaqudgha
Nemelex Xobeh
Qazlal
Sif Muna
Trog
Uskayaw
Vehumet
Wu Jian
Yredelemnul
Zin
The Shining One

Shops:
D:3 *

Annotations:
D:3 2 runed translucent doors
D:8 Maggie


Innate Abilities, Weirdness & Mutations

You cannot wear most types of armour.
You are amphibious.
You can wear up to eight rings at the same time.
Your skin changes colour to match your surroundings (Stealth+).
Your rubbery body absorbs attacks. (AC +1, EV +1)
((You are camouflaged near water. (Stealth+)))
You have tentacles for arms and can constrict up to eight enemies at once.


Message History

A gnoll sergeant comes into view. It is wielding a +1 spear of freezing.
The searing ray hits the black bear!
You kill the black bear!
The searing ray hits the plant!
The plant begins to die.
The plant is lightly damaged.
The searing ray hits the plant.
The plant is lightly damaged.
Maggie casts a spell at you. The bolt of fire hits you!!
Ouch! That really hurt!
A gnoll comes into view. It is wielding a +0 halberd.
You hear a shout!
A nearby plant withers and dies.
Maggie practices a pose.
The yak is distracted by your dazzling golden aura.
You climb upwards.
There is a stone staircase leading down, spattered with blood here.
You start resting.
Magic restored.
You start resting.
HP restored.
You climb downwards.
Level annotation: Maggie The yak bellows!
Maggie mumbles some strange words.
Maggie attempts to bespell you! You resist. The komodo dragon misses you.
The yak snorts and paws the ground.
The yak gores you. The water moccasin bites you!
You are poisoned.
The water moccasin poisons you! The komodo dragon bites you!!
Ouch! That really hurt!
* * * LOW HITPOINT WARNING * * *
There is a stone staircase leading up, spattered with blood here.
* * * LOW HITPOINT WARNING * * *
You feel very sick. The yak barely misses you. The water moccasin misses you.
The komodo dragon hisses menacingly.
The komodo dragon bites you!!
You die...
Your body crumbles into a pile of gold. ....P# .##. ...P...## #... . ......... ...#.. ....PP..##..... ...YPPP.#....# P.P)........ >PPP..$SlY#

.PP..P..@###..##
PP.PP..@........
P..P.P..###..###
.PP..g..# .#
P...g...# #
..P.....#
PP..PP.#.
.?.P... .
..P.... ##


You could see Maggie, a komodo dragon, 2 yaks, a water moccasin, a gnoll
sergeant and a gnoll.

Vanquished Creatures
  Sigmund (D:3)
  Menkaure (D:5)
  A water moccasin (D:7)
  An ice beast (D:7)
  2 sky beasts (D:7)
  2 black bears
  2 ogres
  2 necrophages
  3 phantoms
  2 scorpions (D:7)
  2 gnoll sergeants (D:6)
  4 bullfrogs (D:7)
  A wyvern skeleton (D:6)
  A bullfrog zombie (D:4)
  10 hounds
  3 jellies
  A bullfrog skeleton (D:4)
  A gnoll shaman (D:6)
  4 iguanas
  An orc wizard (D:4)
  A howler monkey skeleton (D:7)
  16 adders
  12 gnolls
  A shadow imp (D:7)
  A white imp (D:6)
  An ufetubus (D:6)
  3 worms
  An adder skeleton (D:4)
  4 dart slugs
  7 orcs
  7 endoplasms
  5 giant cockroaches
  7 goblins
  11 hobgoblins
  8 jackals
  5 kobolds
  3 quokkas
  5 ball pythons
  2 bats
  4 frilled lizards
  6 rats
155 creatures vanquished.

Vanquished Creatures (others)
  18 fungi (D:8)
  20 plants (D:8)
38 creatures vanquished.

Grand Total: 193 creatures vanquished

Notes
Turn   | Place    | Note
-------+----------+-------------------------------------------
     0 | D:1      | BlueGoblin the Octopode Conjurer began the quest for the
                  | Orb.
     0 | D:1      | Reached XP level 1. HP: 11/11 MP: 3/3
   367 | D:1      | Reached XP level 2. HP: 17/17 MP: 0/5
   978 | D:1      | Reached XP level 3. HP: 21/21 MP: 4/6
  1387 | D:2      | Reached skill level 5 in Conjurations
  1465 | D:2      | Reached XP level 4. HP: 27/27 MP: 4/7
  2168 | D:2      | Learned a level 2 spell: Searing Ray
  2607 | D:3      | Reached XP level 5. HP: 31/31 MP: 1/8
  2684 | D:3      | Noticed Sigmund
  2921 | D:3      | Found a bloodstained altar of Trog.
  2940 | D:3      | Found a large runed translucent door.
  2946 | D:3      | Found a large runed translucent door.
  2971 | D:3      | Killed Sigmund
  2972 | D:3      | Reached skill level 6 in Conjurations
  2972 | D:3      | Reached XP level 6. HP: 22/36 MP: 1/11
  3235 | D:3      | Found Bayxod's General Store.
  4103 | D:4      | Noticed a necrophage
  4108 | D:4      | Killed a necrophage
  4291 | D:4      | Reached XP level 7. HP: 40/41 MP: 5/13
  4361 | D:4      | Reached skill level 7 in Conjurations
  4705 | D:4      | Found a staircase to the Ecumenical Temple.
  4789 | Temple   | Entered the Ecumenical Temple
  4935 | Temple   | Became a worshipper of Gozag Ym Sagoz the Greedy
  5269 | D:4      | Reached skill level 5 in Spellcasting
  5781 | D:4      | Reached XP level 8. HP: 46/46 MP: 9/15
  6113 | D:4      | Identified the +4 war axe "Daodaf" {venom, rC++}
  6332 | D:5      | Entered Level 5 of the Dungeon
  6659 | D:5      | Noticed Menkaure
  6725 | D:5      | Killed Menkaure
  7347 | D:6      | Reached skill level 8 in Conjurations
  7426 | D:6      | HP: 1/46 [wyvern skeleton (3)]
  8338 | D:6      | Reached XP level 9. HP: 51/51 MP: 14/19
  8744 | D:6      | Reached skill level 9 in Conjurations
 10166 | D:7      | Found a glowing silver altar of Zin.
 10503 | D:7      | Reached skill level 1 in Shields
 10904 | D:8      | Found a staircase to the Lair.
 10905 | D:8      | Noticed Maggie
 10907 | D:8      | Noticed a komodo dragon
 10919 | D:7      | Reached skill level 5 in Dodging
 11478 | D:8      | Mangled by a komodo dragon

Illustrated notes

Levels and vault maps discovered:
D:1:      ebering_hopf_link, layout_basic, hangedman_decor_opposing,
          minmay_heptomino_o4
D:2:      layout_rooms, minmay_cut_off
D:3:      layout_rooms, bloody_trog, jmf_multi_god_temple2, serial_shops,
          nicolae_shop_waterfront, uniq_sigmund
D:4:      layout_loops_corners, minmay_temple_entry_sparse_star,
          hangedman_feature_mirror, grunt_tough_drop
D:5:      layout_basic, uniq_menkaure
D:6:      layout_cave_pools, serial_gnoll_camp, gnoll_camp_mini_hut,
          gnoll_camp_mini_house, gnoll_camp_mini_hut, gnoll_camp_mini_doghouse,
          gnoll_camp_mini_hut, gnoll_camp_mini_doghouse
D:7:      layout_basic, mainiacjoe_overflow_small_starburst
D:8:      layout_rooms, overflow_temple_1_default, due_lair_maze_entry_diamond,
          uniq_maggie, uniq_harold
Temple:   regret_index_temple_sphere_string

Skill      XL: |  1  2  3  4  5  6  7  8  9 |
---------------+----------------------------+-----
Conjurations   | 5 6 7 8 9 |  9.6
Spellcasting   | 3 4 5 6 7 |  7.8
Dodging        | 3 5 |  5.6
Shields        | 1 |  1.5
Stealth        | |  2.6

Action                   |  1- 3 |  4- 6 |  7- 9 || total
-------------------------+-------+-------+-------++-------
Melee: Unarmed           |    12 |       |       ||    12
       Constrict         |     2 |       |     9 ||    11
       Quarterstaff      |     8 |     2 |     2 ||    12
       Tentacles         |     1 |       |     6 ||     7
       War axe           |       |       |    39 ||    39
 Cast: Magic Dart        |    52 |    34 |       ||    86
       Searing Ray       |       |    23 |    89 ||   112
Evoke: Wand              |       |       |     4 ||     4
  Use: Scroll            |     1 |     5 |     6 ||    12
       Potion            |       |       |     1 ||     1
 Stab: Sleeping          |       |       |     1 ||     1
Armor: Skin              |     3 |     2 |     9 ||    14
Dodge: Dodged            |    21 |    11 |   129 ||   161
Block: Buckler           |       |       |    19 ||    19

Table legend: (Time is in decaauts)
 A = Elapsed time spent in this place.
 B = Non-inter-level travel time spent in this place.
 C = Inter-level travel time spent in this place.
 D = Time resting spent in this place.
 E = Time spent auto-exploring this place.
 F = Levels seen in this place.
 G = Mean time per level.
                   A        B        C        D        E       F      G
               +--------+--------+--------+--------+--------+-----+--------+
         Total |  11500 |  11154 |    346 |   2347 |   7597 |   9 | 1277.8 |
       Dungeon |  11332 |  11007 |    325 |   2347 |   7471 |   8 | 1416.5 |
        Temple |    168 |    147 |     21 |      0 |    126 |   1 |  168.0 |
               +--------+--------+--------+--------+--------+-----+--------+

Top non-repeatable levels by time:
     D:4: 2179 daAuts
     D:6: 2140 daAuts
     D:3: 1788 daAuts
     D:7: 1761 daAuts
     D:5: 1240 daAuts
     D:1: 1224 daAuts
     D:2: 970 daAuts
  Temple: 168 daAuts
     D:8: 25 daAuts
